 Dungeon Crawl Stone Soup version 0.23.2 (webtiles) character file.

Game seed: 3908162766932193247

14987 Kairos the Severer (level 11, -2/97 HPs)
             Began as a Minotaur Fighter on Mar 31, 2019.
             Was a High Priest of Okawaru.
             Splashed by an acid dragon's acid (8 damage)
             ... on level 12 of the Dungeon.
             The game lasted 00:18:18 (11975 turns).

Kairos the Severer (Minotaur Fighter)              Turns: 11975, Time: 00:18:19

Health: -2/97      AC:  3    Str: 23    XL:     11   Next: 95%
Magic:  13/13      EV: 10    Int:  7    God:    Okawaru [*****.]
Gold:   698        SH: 12    Dex: 11    Spells: 13/14 levels left

rFire    + + .     SeeInvis +   a - +1 war axe
rCold    + . .     Gourm    .   c - +0 shield
rNeg     . . .     Faith    .   D - +2 ring mail {rF+}
rPois    .         Spirit   .   (helmet restricted)
rElec    .         Reflect  .   p - scarf {rC+ rF+}
rCorr    .         Harm     .   e - +0 pair of gloves
MR       .....                  (no boots)
Stlth    +.........             (no amulet)
HPRegen  0.26/turn              t - ring of see invisible
MPRegen  0.13/turn              (no ring)

@: corroded
A: retaliatory headbutt, hooves 1, horns 2, clever 1, deformed body
a: Heroism, Finesse, Renounce Religion


You were on level 12 of the Dungeon.
You worshipped Okawaru.
Okawaru was extremely pleased with you.
You were not hungry.

You visited 2 branches of the dungeon, and saw 13 of its levels.

You collected 698 gold pieces.

Inventory:

Hand Weapons
 a - a +1 war axe (weapon)
 u - a +5 flail of draining
 x - a +3 whip of electrocution
 z - a +0 vampiric hand axe
 F - a +2 flail of protection
 H - a +2 morningstar of freezing
Missiles
 G - a throwing net (quivered)
Armour
 c - a +0 shield (worn)
 e - a +0 pair of gloves (worn)
 o - a +0 plate armour
 p - a scarf of resistance (worn)
 v - a +2 ring mail of magic resistance
 D - a +2 ring mail of fire resistance (worn)
Jewellery
 t - a ring of see invisible (left hand)
Wands
 A - a wand of digging (5)
 B - a wand of acid (8)
 J - a wand of polymorph (3)
Scrolls
 b - 3 scrolls of amnesia
 g - a scroll of vulnerability
 j - a scroll of immolation
 l - a scroll of magic mapping
 m - 2 scrolls of teleportation
 w - 4 scrolls of remove curse
 y - 2 scrolls of identify
 C - 2 scrolls of enchant armour
 E - a scroll of blinking {unknown}
Potions
 d - 3 potions of might
 h - 9 potions of curing
 i - 4 potions of haste
 k - 2 potions of lignification
 n - a potion of brilliance
 q - a potion of magic
 r - 2 potions of agility
 s - a potion of heal wounds
 I - a potion of flight
Comestibles
 f - 19 rations


   Skills:
 + Level 9.3 Fighting
 + Level 15.0(15.1) Axes
 + Level 1.1(10.1) Maces & Flails
 + Level 9.0 Armour
 + Level 2.2 Dodging
 + Level 1.3 Stealth
 + Level 10.0 Shields
 * Level 2.4 Spellcasting
 * Level 3.2 Translocations
 + Level 1.7 Invocations
 + Level 0.1 Evocations


You had 13 spell levels left.
You knew the following spells:

 Your Spells              Type           Power        Failure   Level  Hunger
a - Apportation           Tloc           #.....       26%         1    ##.....

Your spell library contained the following spells:

 Spells                   Type           Power        Failure   Level  Hunger
 Animate Skeleton         Necr           N/A          71%         1    ##.....
 Beastly Appendage        Tmut           #.....       71%         1    ##.....
 Confusing Touch          Hex            #.....       71%         1    ##.....
 Summon Small Mammal      Summ           #...         71%         1    ##.....
 Call Imp                 Summ           #.......     83%         2    ###....
 Call Canine Familiar     Summ           #.......     97%         3    ####...
 Ignite Poison            Fire/Tmut/Pois #.......     97%         3    ####...
 Summon Guardian Golem    Hex/Summ       #.......     97%         3    ####...
 Summon Ice Beast         Ice/Summ       #.......     100%        4    #####..
 Summon Lightning Spire   Summ/Air       #.......     100%        4    #####..
 Alistair's Intoxication  Tmut/Pois      #.......     100%        5    ######.
 Irradiate                Conj/Tmut      #.........   100%        5    ######.
 Yara's Violent Unravell  Hex/Tmut       #.........   100%        5    ######.
 Hydra Form               Tmut           #.........   100%        6    #######
 Statue Form              Tmut/Erth      #........    100%        6    #######
 Dragon Form              Tmut           #.........   100%        7    #######


Dungeon Overview and Level Annotations

Branches:
Dungeon (12/15)            Temple (1/1) D:4            Lair (0/6) D:9
    Orc (0/2) D:9

Altars:
Ashenzari
Cheibriados
Dithmenos
Elyvilon
Fedhas
Gozag
Hepliaklqana
Kikubaaqudgha
Makhleb
Nemelex Xobeh
Okawaru
Qazlal
Ru
Sif Muna
Trog
Uskayaw
Vehumet
Wu Jian
Xom
Yredelemnul
Zin
The Shining One

Shops:
D:10 }

Annotations:
D:7 2 transporters, exclusion: oklob plant, Curus's ghost, novice MiBe
D:9 exclusion: obsidian statue


Innate Abilities, Weirdness & Mutations

You reflexively headbutt those who attack you in melee.
You have a pair of horns on your head.
You have large cloven feet.
Your mind is acute. (Int +2)
Armour fits poorly on your strangely shaped body.


Message History

You are too injured to fight recklessly!
You are too injured to fight recklessly!
You are too injured to fight recklessly!
You are too injured to fight recklessly!
You are too injured to fight recklessly!
You are too injured to fight recklessly!
You are too injured to fight recklessly!
You are too injured to fight recklessly!
You are too injured to fight recklessly!
You are too injured to fight recklessly!
You slash the acid dragon!
The acid dragon is severely wounded.
The acid dragon closely misses you. The acid dragon completely misses you.
You slash the acid dragon! Your kick misses the acid dragon.
The acid dragon is almost dead.
The acid dragon spits acid at you. The splash of acid hits you!
* * * LOW HITPOINT WARNING * * *
You are splashed with acid!
You die...

#.### ....# #...###
##..... ..... ..# ...
#.# #D# #.# #@# #.#
#.# #.# ##'## #.#
##...## #.# ##.....##
#.######
##.......###......#
#.........####....#
+.........'.......####
#.........###.........


You could see an acid dragon.

Vanquished Creatures
  Erolcha (D:9)
  A hydra (D:11)
  Erica (D:8)
  The ghost of sdfsdf the Cleaver, a novice DDFi of Makhleb (D:10)
  A two-headed ogre (D:11)
  An unseen horror (D:11)
  An ugly thing (D:11)
  Joseph (D:8)
  A centaur zombie (D:10)
  A red devil (D:11)
  Grinder (D:6)
  A hippogriff (D:12)
  Sigmund (D:5)
  14 yaks
  A basilisk (D:9)
  A wraith (D:12)
  Menkaure (D:7)
  Edmund (D:5)
  4 porcupines (D:9)
  6 orc warriors
  An eye of draining (D:11)
  2 ice beasts
  5 sky beasts
  A black bear (D:7)
  A phantom (D:9)
  5 ogres
  3 centaurs (D:8)
  3 crocodiles (D:9)
  13 bullfrogs
  A big kobold (D:8)
  5 scorpions
  9 wights (D:11)
  4 howler monkeys
  2 bullfrog zombies
  4 crimson imps
  5 hounds
  8 jellies
  7 orc priests
  2 bullfrog skeletons
  Crazy Yiuf (D:5)
  4 centaur skeletons
  6 iguanas
  15 orc wizards
  7 worker ants
  A howler monkey zombie (D:5)
  4 gnolls
  11 adders
  2 shadow imps
  21 oozes
  2 adder zombies
  4 worms
  A dart slug (D:4)
  4 leopard geckos
  82 orcs
  A ball python (D:6)
  10 giant cockroaches
  6 goblins
  7 hobgoblins
  13 jackals
  3 quokkas
  2 bats (D:1)
  12 frilled lizards
  5 kobolds
  9 rats
355 creatures vanquished.

Vanquished Creatures (others)
  8 fungi (D:7)
  A plant (D:9)
9 creatures vanquished.

Grand Total: 364 creatures vanquished

Notes
Turn   | Place    | Note
-------+----------+-------------------------------------------
     0 | D:1      | Kairos the Minotaur Fighter began the quest for the Orb.
     0 | D:1      | Reached XP level 1. HP: 19/19 MP: 0/0
   398 | D:1      | Reached XP level 2. HP: 27/27 MP: 1/1
   617 | D:2      | Reached XP level 3. HP: 33/33 MP: 2/2
   747 | D:2      | Reached skill level 3 in Axes
   892 | D:2      | Reached XP level 4. HP: 40/40 MP: 3/3
   911 | D:2      | Reached skill level 4 in Axes
   913 | D:2      | Reached XP level 5. HP: 25/47 MP: 4/4
  2076 | D:4      | Reached skill level 1 in Dodging
  2113 | D:4      | Found a staircase to the Ecumenical Temple.
  2165 | D:4      | Reached skill level 5 in Axes
  2214 | Temple   | Entered the Ecumenical Temple
  2454 | D:4      | Reached XP level 6. HP: 51/53 MP: 5/5
  2524 | D:4      | Found a bloodstained altar of Trog.
  2525 | D:4      | Found an iron altar of Okawaru.
  2538 | D:4      | Became a worshipper of Warmaster Okawaru
  2571 | D:4      | Reached skill level 5 in Armour
  2596 | D:4      | Reached skill level 5 in Shields
  2597 | D:4      | Reached skill level 6 in Axes
  2945 | D:5      | Entered Level 5 of the Dungeon
  2946 | D:5      | Noticed an ice beast
  2960 | D:5      | Killed an ice beast
  2960 | D:5      | Reached * piety under Okawaru
  2960 | D:5      | Reached XP level 7. HP: 31/60 MP: 6/6
  3372 | D:5      | Reached skill level 7 in Axes
  3482 | D:5      | Reached skill level 5 in Fighting
  3482 | D:5      | Reached skill level 8 in Axes
  3492 | D:5      | Reached ** piety under Okawaru
  3492 | D:5      | Reached XP level 8. HP: 12/68 MP: 3/7
  3820 | D:5      | Noticed Edmund
  3888 | D:5      | Noticed Sigmund
  3896 | D:5      | Killed Sigmund
  3896 | D:5      | Reached skill level 9 in Axes
  3914 | D:5      | Killed Edmund
  4016 | D:5      | Found a deep blue altar of Sif Muna.
  4133 | D:5      | Found a runed translucent door.
  4134 | D:5      | Noticed Crazy Yiuf
  4139 | D:5      | Killed Crazy Yiuf
  4194 | D:6      | Noticed Grinder
  4197 | D:6      | Paralysed by Grinder for 6 turns
  4207 | D:6      | Paralysed by Grinder for 3 turns
  4544 | D:6      | Paralysed by Grinder for 2 turns
  4547 | D:6      | Killed Grinder
  4547 | D:6      | Reached skill level 10 in Axes
  4729 | D:6      | Reached *** piety under Okawaru
  4756 | D:6      | Reached XP level 9. HP: 66/75 MP: 8/8
  4915 | D:6      | Reached skill level 11 in Axes
  4998 | D:6      | Found a shattered altar of Ashenzari.
  5349 | D:7      | Found a transporter.
  5353 | D:7      | Found a transporter.
  5354 | D:7      | Identified the cursed +8 giant spiked club "Uhiuro" {chaos,
                  | rPois rF- MR+ MP+9}
  5357 | D:7      | Found a bloodstained altar of Trog.
  5358 | D:7      | Noticed a moth of wrath
  5363 | D:7      | Identified the cursed +1 battleaxe of World Downfall
                  | {flame, *Slow +Blink rN+++}
  5363 | D:7      | Noticed a tengu warrior
  5363 | D:7      | Noticed Curus's ghost (novice MiBe)
  5423 | D:7      | Reached skill level 1 in Stealth
  5435 | D:7      | Found a stormy altar of Qazlal.
  5547 | D:7      | Noticed Menkaure
  5549 | D:7      | Killed Menkaure
  5611 | D:7      | Reached **** piety under Okawaru
  5638 | D:7      | Reached skill level 12 in Axes
  5658 | D:7      | Noticed an oklob plant
  6459 | D:7      | Found a radiant altar of Vehumet.
  6465 | D:7      | Found a basalt altar of Yredelemnul.
  6469 | D:7      | Identified Sif Muna's Papyrus of Transformation
  6568 | D:7      | Noticed a troll
  6778 | D:8      | Reached XP level 10. HP: 84/84 MP: 9/9
  6788 | D:8      | Found an ancient bone altar of Kikubaaqudgha.
  6789 | D:8      | Found a blossoming altar of Fedhas.
  6927 | D:8      | Noticed Joseph
  6935 | D:8      | Killed Joseph
  6935 | D:8      | Reached ***** piety under Okawaru
  6935 | D:8      | Reached skill level 13 in Axes
  7122 | D:8      | Noticed Erica
  7136 | D:8      | Killed Erica
  7336 | D:8      | Found a glowing golden altar of the Shining One.
  7796 | D:9      | Found a staircase to the Orcish Mines.
  7889 | D:9      | Found a staircase to the Lair.
  7920 | D:9      | Reached skill level 14 in Axes
  7920 | D:9      | Reached skill level 1 in Invocations
  7948 | D:9      | HP: 4/88 [yak (10)]
  8369 | D:9      | Noticed an obsidian statue
  8379 | D:9      | Found the +9 heavy crossbow "Sniper" {velocity, Acc+∞ SInv}
  8379 | D:9      | Noticed an orange demon
  8446 | D:9      | Learned a level 1 spell: Apportation
  8622 | D:9      | Reached XP level 11. HP: 84/94 MP: 10/10
  8626 | D:9      | Received a gift from Okawaru
  8707 | D:9      | Found a sparkling altar of Nemelex Xobeh.
  8802 | D:9      | Noticed Erolcha
  8809 | D:9      | Killed Erolcha
  8809 | D:9      | Reached skill level 1 in Translocations
  9101 | D:10     | Entered Level 10 of the Dungeon
  9303 | D:10     | Reached skill level 1 in Spellcasting
  9600 | D:10     | Found a runed translucent door.
  9605 | D:10     | Noticed sdfsdf's ghost (novice DDFi)
  9664 | D:10     | Found Qaemayn's Gadget Emporium.
 10228 | D:10     | Killed sdfsdf's ghost
 10270 | D:11     | Noticed an unseen horror
 10277 | D:11     | Killed an unseen horror
 10821 | D:11     | Found a basalt altar of Yredelemnul.
 10821 | D:11     | Noticed a hell beast
 10822 | D:11     | Noticed a green ugly thing
 10887 | D:11     | Noticed a four-headed hydra
 10895 | D:11     | Killed a four-headed hydra
 11026 | D:11     | Noticed a two-headed ogre
 11035 | D:11     | Killed a two-headed ogre
 11136 | D:11     | Killed a purple ugly thing
 11136 | D:11     | Reached skill level 1 in Maces & Flails
 11285 | D:11     | Gained mutation: Armour fits poorly on your strangely
                  | shaped body. [potion of mutation]
 11285 | D:11     | Gained mutation: Your mind is acute. (Int +2) [potion of
                  | mutation]
 11285 | D:11     | Gained mutation: You have large cloven feet. [potion of
                  | mutation]
 11689 | D:12     | Reached skill level 15 in Axes
 11839 | D:12     | Reached skill level 10 in Shields
 11975 | D:12     | Splashed by an acid dragon's acid

Skill      XL: |  1  2  3  4  5  6  7  8  9 10 11 |
---------------+----------------------------------+-----
Shields        | 4 5 6 7 9 10 | 10.0
Armour         | 4 5 6 7 8 9 |  9.0
Fighting       | 4 5 6 8 9 |  9.3
Axes           | 3 4 5 6 8 10 12 14 15 | 15.0
Dodging        | 1 2 |  2.2
Stealth        | 1 |  1.3
Invocations    | 1 |  1.7
Translocations | 3 |  3.2
Spellcasting   | 2 |  2.4
Maces & Flails | 1 |  1.1
Evocations     | |  0.1

Action                   |  1- 3 |  4- 6 |  7- 9 | 10-12 || total
-------------------------+-------+-------+-------+-------++-------
Melee: War axe           |    70 |   149 |   368 |   379 ||   966
       Headbutt          |    18 |    27 |    84 |    92 ||   221
       Hand axe          |       |       |       |    39 ||    39
       Flail             |       |       |       |    22 ||    22
       Kick              |       |       |       |    14 ||    14
Invok: Heroism           |       |       |     4 |    15 ||    19
Evoke: Wand              |       |       |       |     3 ||     3
  Use: Scroll            |     4 |     5 |     6 |     3 ||    18
       Potion            |       |       |       |     2 ||     2
  Eat: Chunk             |       |     6 |     9 |    12 ||    27
       Ration            |       |       |     1 |     3 ||     4
Armor: Scale mail        |    28 |    32 |       |       ||    60
       Plate armour      |       |    47 |   168 |    59 ||   274
       Ring mail         |       |       |       |    47 ||    47
Dodge: Dodged            |    13 |    29 |    59 |   113 ||   214
Block: Shield            |    35 |    62 |   170 |   204 ||   471
